 Dungeon Crawl Stone Soup version 0.31-a0-233-g139696dc86 (webtiles) character file.

Game seed: 5427672168432433424

74 Zonian the Chiller (level 4, -5/24 HPs)
             Began as a Deep Elf Ice Elementalist on July 8, 2023.
             Killed from afar by a white imp (9 damage)
             ... with a puff of frost
             ... on level 3 of the Dungeon.
             The game lasted 00:04:30 (2325 turns).

Zonian the Chiller (Deep Elf Ice Elementalist)      Turns: 2325, Time: 00:04:31

Health: -5/24      AC:  2    Str:  5    XL:     4   Next: 9%
Magic:  12/12      EV: 13    Int: 22    God:
Gold:   112        SH:  0    Dex: 15    Spells: 4/11 levels left

rFire   . . .        k - +2 sling
rCold   . . .        (no shield)
rNeg    . . .        a - +0 robe
rPois   .            (no helmet)
rElec   .            (no cloak)
rCorr   .            (no gloves)
SInv    .            (no boots)
Will    .....        (no amulet)
Stlth   ++           (no ring)
HPRegen 0.24/turn    (no ring)
MPRegen 0.13/turn

%: no passive effects
@: mighty
A: no striking features
a: no special abilities


You were on level 3 of the Dungeon.
You visited 1 branch of the dungeon, and saw 3 of its levels.

You collected 112 gold pieces.

Inventory:

Hand Weapons
 d - a +0 dagger
 h - a +0 long sword
 k - a +2 sling (weapon)
 l - a +2 whip of flaming
Missiles
 m - 4 poisoned darts
Armour
 a - a +0 robe (worn)
Scrolls
 f - a scroll of identify {unknown}
 i - a scroll of blinking {unknown}
 o - a scroll of torment {unknown}
Potions
 b - 2 potions of magic
 n - a potion of resistance {unknown}


   Skills:
 + Level 3.3 Dodging
 + Level 3.5 Stealth
 + Level 4.0 Spellcasting
 + Level 4.8 Ice Magic


You had 4 spell levels left.
You knew the following spells:

 Your Spells              Type           Power      Damage    Failure   Level
a - Freeze                Ice            100%       1d10      1%          1
b - Frozen Ramparts       Ice            50%        1d8       4%          3
c - Ozocubu's Armour      Ice            25%        N/A       4%          3

Your spell library contained the following spells:

 Spells                   Type           Power      Damage    Failure   Level
 Summon Ice Beast         Ice/Summ       15%        N/A       38%         4
 Iskenderun's Battlesphe  Conj           4%         2d6       97%         5
 Leda's Unmaking          Conj/Erth      2%         9d1       100%        6
 Spellforged Servitor     Conj/Summ      2%         N/A       100%        7


Dungeon Overview and Level Annotations

Branches:
Dungeon (3/15)

Altars:


Message History

The white imp hits you. The white imp freezes you. The rat bites you.
Unknown command.
The rat attacks as you move away! The rat bites you but does no damage.
Okay, then.
You aren't carrying any items that you can evoke.
Unknown command.
Okay, then.
It was a potion of heal wounds.
You feel much better. The white imp hits you. The white imp freezes you.
Fire: k) +2 sling
Press: ? - help, Q - select action, (/) - cycle Shift-Dir - straight line, f/p - white imp
Aim: a white imp (heavily wounded, 57% to hit)
You shoot a sling bullet.
The sling bullet hits the white imp but does no damage.
The white imp is heavily wounded.
The white imp barely misses you. The rat barely misses you. The rat misses you.
The white imp barely misses you.
Fire: k) +2 sling
Press: ? - help, Q - select action, (/) - cycle Shift-Dir - straight line, f/p - white imp
Aim: a white imp (heavily wounded, 57% to hit)
You shoot a sling bullet.
The sling bullet hits the white imp but does no damage.
The white imp is heavily wounded.
The white imp hits you. The white imp freezes you. The rat closely misses you.
Fire: k) +2 sling
Press: ? - help, Q - select action, (/) - cycle Shift-Dir - straight line, f/p - white imp
Aim: a white imp (heavily wounded, 57% to hit)
You shoot a sling bullet. The sling bullet hits the white imp.
The white imp is severely wounded.
The white imp hits you but does no damage.
The rat bites you but does no damage. The rat barely misses you.
The white imp gestures at you. The puff of frost hits you!
* * * LOW HITPOINT WARNING * * *
Unknown command.
It was a potion of might.
You feel very mighty all of a sudden. The white imp gestures at you.
The puff of frost hits you!
You die...

#... #..# .... #..#
#.......## #.#..###
.)........ #.#....#
..........
#.#....##...........
#.#...............#.
#.#@#...?.........#.
#..r5...............
#........$..........
#............###..##
#.###.............#
#.# ........####.##
#.# ......#####.†.#
##.## #####........>.
#..)#############...#


You could see a white imp and a rat.

Vanquished Creatures
  2 adders (D:2)
  A worm (D:2)
  A dart slug (D:1)
  An orc (D:3)
  4 bats
  2 endoplasms (D:2)
  A giant cockroach (D:1)
  6 hobgoblins
  5 jackals
  5 quokkas
  3 ball pythons
  2 frilled lizards
  2 goblins
  5 kobolds
  5 rats
45 creatures vanquished.

Notes
Turn   | Place    | Note
-------+----------+-------------------------------------------
     0 | D:1      | Zonian the Deep Elf Ice Elementalist began the quest for
                  | the Orb.
     0 | D:1      | Reached XP level 1. HP: 10/10 MP: 6/6
    54 | D:1      | Found a faded altar of an unknown god.
   323 | D:1      | Reached XP level 2. HP: 14/15 MP: 6/8
   943 | D:2      | Reached XP level 3. HP: 19/19 MP: 6/10
   947 | D:2      | Learned a level 3 spell: Frozen Ramparts
   951 | D:2      | Learned a level 3 spell: Ozocubu's Armour
  2037 | D:3      | Reached XP level 4. HP: 24/24 MP: 12/12
  2325 | D:3      | Killed from afar by a white imp

Illustrated notes

Levels and vault maps discovered:
D:1:      psy_arrival_radial02, layout_basic, ebering_ecumenical_altar_rust
D:2:      layout_basic
D:3:      layout_loops_ring, mainiacjoe_overflow_brackets, nrook_mini_vaults

Skill      XL: |  1  2  3 |
---------------+----------+-----
Dodging        | 3 |  3.3
Stealth        | 3 |  3.5
Spellcasting   | 4 |  4.0
Ice Magic      | |  4.8

Action                     |  1- 3 |  4- 6 || total
---------------------------+-------+-------++-------
  Melee: Unarmed           |     2 |       ||     2
         Dagger            |     7 |       ||     7
   Fire: Sling             |    53 |    25 ||    78
   Cast: Freeze            |    35 |       ||    35
    Use: Scroll            |       |     3 ||     3
         Potion            |       |     2 ||     2
   Stab: Sleeping          |     1 |       ||     1
 Armour: Robe              |     5 |     3 ||     8
  Dodge: Dodged            |    31 |    13 ||    44

Table legend: (Time is in decaauts)
 A = Elapsed time spent in this place.
 B = Non-inter-level travel time spent in this place.
 C = Inter-level travel time spent in this place.
 D = Time resting spent in this place.
 E = Time spent auto-exploring this place.
 F = Levels seen in this place.
 G = Mean time per level.
                   A        B        C        D        E       F      G
               +--------+--------+--------+--------+--------+-----+--------+
         Total |   2354 |   2333 |     21 |    153 |   1734 |   3 |  784.7 |
       Dungeon |   2354 |   2333 |     21 |    153 |   1734 |   3 |  784.7 |
               +--------+--------+--------+--------+--------+-----+--------+

Top non-repeatable levels by time:
     D:2: 1134 daAuts
     D:1: 908 daAuts
     D:3: 311 daAuts
